Map: [TLMC14] Blackburn

Players

Cure - Winner!

  • Race: Terran Terran

Solar

  • Race: Zerg Zerg

Event: DreamHack SC2 Masters Last Chance 2022

VOD

Have the link to the VOD?

Description

Time

  • Played on: Jan. 16, 2022, 8:25 a.m.
  • Length: 8:06

All games in this series

Show
View Real Time Build Order
Export as new Build Order

Cure Terran - Winner!

Build Orders:  

Get SALT Encoding   

  12  0:00  SCV  
  13  0:12  SCV  
  14  0:17  Supply Depot  
  14  0:24  SCV  
  15  0:38  SCV, Refinery  
  16  0:43  Barracks  
  16  0:50  SCV  
  17  1:02  SCV  
  18  1:14  SCV  
  19  1:29  Orbital Command  
  19  1:36  Command Center  
  19  1:39  Marine  
  20  1:50  Factory  
  20  1:55  SCV  
  20  1:59  Barracks Reactor  
  21  2:05  Supply Depot  
  21  2:08  SCV  
  22  2:20  SCV  
  23  2:32  SCV  
  23  2:34  Hellion  
  23  2:35  Starport  
  23  2:36  Marine  
  23  2:37  Marine  
  29  2:44  SCV  
  29  2:47  Orbital Command  
  29  2:55  Marine x2  
  29  2:56  Hellion, SCV  
  34  3:00  Supply Depot  
  34  3:08  SCV  
  34  3:12  Medivac  
  37  3:14  SCV  
  37  3:15  Marine x2  
  37  3:19  Hellion  
  42  3:21  SCV  
  43  3:27  Supply Depot, SCV  
  43  3:33  SCV, Marine x2  
  47  3:41  SCV  
  47  3:43  Factory Tech Lab  
  47  3:45  SCV  
  49  3:53  Command Center  
  49  3:54  SCV  
  50  3:58  SCV  
  51  4:07  SCV  
  52  4:10  SCV  
  52  4:12  Barracks  
  53  4:17  Factory Reactor, Refinery, Barracks  
  53  4:19  Supply Depot  
  53  4:20  SCV  
  53  4:22  SCV, Marine  
  56  4:25  Refinery  
  56  4:28  Supply Depot  
  56  4:29  Stimpack  
  56  4:33  SCV  
  56  4:35  SCV  
  56  4:37  Starport Reactor  
  58  4:40  Refinery  
  58  4:43  Marine  
  58  4:45  SCV  
  60  4:47  SCV  
  61  4:57  SCV  
  61  4:59  SCV, Factory Tech Lab  
  63  5:00  Engineering Bay x2  
  63  5:09  SCV, Orbital Command  
  63  5:10  Marine  
  63  5:11  SCV, Marine x2  
  68  5:16  Marine x2  
  68  5:17  Medivac  
  68  5:18  Medivac  
  74  5:21  SCV  
  74  5:23  SCV  
  74  5:26  Terran Infantry Weapons Level 1  
  76  5:28  Marine x3  
  76  5:32  Orbital Command  
  76  5:34  Marine x2  
  76  5:35  Siege Tank  
  84  5:38  SCV x2  
  86  5:43  Supply Depot  
  86  5:45  Supply Depot, Terran Infantry Armor Level 1  
  86  5:53  Marine x5  
  91  6:00  SCV x2  
  93  6:05  SCV, Barracks  
  93  6:06  Barracks  
  93  6:08  Siege Tank  
  97  6:12  SCV x2  
  97  6:13  Marine x5  
  103  6:23  Medivac x2  
  103  6:24  Combat Shield  
  107  6:28  SCV x3  
  107  6:31  Marine x2  
  107  6:38  Marine x3  
  109  6:45  Supply Depot x2, SCV  
  109  6:46  SCV  
  109  6:47  SCV, Siege Tank  
  109  6:48  Marine x2  
  111  6:55  Marine x3  
  114  7:02  Medivac  
  114  7:03  Barracks Reactor  
  114  7:06  Supply Depot, Barracks Reactor, Medivac, Marine x2  
  114  7:07  Supply Depot  
  114  7:08  SCV x3  
  122  7:13  Marine  
  122  7:14  Armory  
  124  7:24  Marine x4  
  125  7:31  Marine  
  125  7:33  Siege Tank  
  122  7:40  SCV x3  
  122  7:41  Marine x2  
  122  7:42  Marine x6  
  135  7:50  Refinery x2  
  127  7:53  Command Center  
Show
View Real Time Build Order
Export as new Build Order

Solar Zerg 

Build Orders: Hatch First 

Get SALT Encoding   

  12  0:00  Drone  
  13  0:12  Overlord  
  13  0:16  Drone  
  14  0:31  Drone x2  
  16  0:49  Hatchery  
  15  0:51  Drone  
  15  0:54  Drone  
  17  0:58  Drone  
  18  1:09  Extractor  
  17  1:14  Spawning Pool  
  17  1:17  Drone  
  17  1:20  Drone  
  18  1:28  Drone  
  19  1:40  Drone  
  20  1:53  Drone  
  21  2:01  Queen x2  
  21  2:04  Drone  
  26  2:09  Overlord  
  26  2:14  Drone x2  
  28  2:20  Metabolic Boost  
  28  2:29  Hatchery  
  27  2:31  Drone  
  27  2:34  Zergling x2  
  29  2:41  Queen  
  31  2:44  Drone  
  31  2:48  Overlord  
  32  2:51  Drone  
  32  2:55  Drone x2  
  35  2:59  Drone  
  36  3:09  Drone  
  36  3:10  Drone x4  
  41  3:17  Queen  
  43  3:22  Pneumatized Carapace  
  43  3:24  Zergling x2  
  43  3:27  Overlord  
  43  3:31  Overlord  
  43  3:41  Zergling x2  
  43  3:42  Zergling x2, Queen  
  43  3:43  Drone  
  43  3:46  Zergling x6  
  51  3:51  Drone x2  
  51  3:52  Zergling x2  
  51  3:54  Zergling x2  
  55  3:57  Queen  
  57  4:04  Drone x2  
  57  4:05  Drone x2  
  57  4:08  Drone  
  62  4:14  Overlord  
  62  4:15  Drone  
  63  4:18  Drone  
  61  4:24  Spore Crawler  
  61  4:26  Drone x5  
  61  4:31  Overlord  
  65  4:32  Evolution Chamber x2, Extractor  
  65  4:35  Drone  
  65  4:37  Drone  
  64  4:38  Drone  
  64  4:45  Drone x3  
  68  4:47  Overlord  
  68  4:50  Drone x2  
  68  4:51  Drone  
  68  4:52  Drone  
  72  4:58  Overlord  
  72  4:59  Drone x2  
  74  5:05  Zerg Ground Armor Level 1  
  74  5:08  Overlord  
  74  5:09  Drone x2  
  74  5:10  Drone x2  
  74  5:13  Drone x3  
  81  5:15  Zerg Melee Weapons Level 1  
  81  5:17  Extractor x2  
  81  5:19  Drone x2  
  81  5:20  Drone  
  82  5:24  Drone x2  
  82  5:25  Drone  
  85  5:32  Drone x2, Lair  
  85  5:33  Drone  
  88  5:40  Extractor  
  88  5:41  Baneling Nest  
  88  5:42  Drone  
  87  5:45  Overlord  
  87  5:46  Zergling x4  
  87  5:47  Hatchery  
  87  5:48  Zergling x2  
  87  5:49  Zergling x2  
  90  5:51  Zergling x4  
  90  5:52  Zergling x2  
  90  5:54  Overlord  
  92  5:57  Overlord  
  92  5:59  Overlord  
  92  6:01  Overlord  
  92  6:03  Overlord  
  92  6:07  Zergling x4  
  92  6:10  Overlord  
  94  6:13  Zergling x8  
  98  6:20  Queen  
  98  6:23  Zergling x10  
  102  6:30  Zergling x2  
  95  6:33  Queen x2  
  95  6:37  Zergling x10  
  98  6:41  Drone  
  98  6:42  Drone  
  98  6:43  Drone  
  98  6:46  Drone  
  101  6:47  Drone  
  101  6:48  Drone  
  101  6:51  Drone  
  101  6:54  Drone  
  101  6:57  Drone  
  101  6:59  Drone  
  104  7:03  Drone x2  
  104  7:04  Baneling x4  
  104  7:05  Drone  
  104  7:07  Queen  
  109  7:12  Zergling x4  
  111  7:19  Zergling x8  
  111  7:20  Overlord  
  111  7:21  Zergling x2  
  111  7:25  Drone  
  111  7:27  Drone  
  107  7:32  Zergling x2  
  107  7:33  Zergling x8  
  94  7:38  Zergling x2  
  94  7:39  Zergling x8  
  94  7:45  Zergling x10  
  98  7:57  Hatchery  

Tags
 
Add a new tag
Caveats
  • Supply blocks, unpowered buildings, or Contaminate may cause inaccurate times.
  • Supply counts are checked every 10 seconds.